PL
BROOKLYN DODGERS @ FT. WORTH CATTLEMEN
08/20/2022
 
TOP OF THE 1ST
Brooklyn Dodgers batting - Pitching for Ft. Worth Cattlemen : LHP Paul Díaz
Pitching: LHP Paul Díaz
Batting: RHB Ichiyo Fujii 0-0: Ball
1-0: Called Strike
1-1: Ground out 5-3 (Groundball, 56)
Batting: RHB Patrick Clark 0-0: Ball
1-0: Foul Ball, location: 2F
1-1: Swinging Strike
1-2: Ground out 5-3 (Groundball, 5L)
Batting: RHB Thom Wilcox 0-0: Called Strike
0-1: Ball
1-1: Foul Ball, location: 2F
1-2: SINGLE (Groundball, 6D)
Batting: LHB Ron Bascombe 0-0: Ball
1-0: Ball
2-0: Called Strike
2-1: Ball
3-1: Fly out, F8 (Flyball, 8RXD)
Top of the 1st over - 0 run(s), 1 hit(s), 0 error(s), 1 left on base; Brooklyn 0 - Ft. Worth 0
BOTTOM OF THE 1ST
Ft. Worth Cattlemen batting - Pitching for Brooklyn Dodgers : RHP Huai-yu Kan
Pitching: RHP Huai-yu Kan
Batting: RHB Alan Elder 0-0: Ball
1-0: Ball
2-0: Ball
3-0: Called Strike
3-1: Foul Ball, location: 2F
3-2: Fly out, F3 (Popup, 13)
Batting: LHB Toyokazu Asano 0-0: Ball
1-0: Ball
2-0: Called Strike
2-1: Fly out, F3 (Popup, 3)
Batting: LHB Orlando Trevino 0-0: Ball
1-0: Ground out 4-3 (Groundball, 34)
Bottom of the 1st over - 0 run(s), 0 hit(s), 0 error(s), 0 left on base; Brooklyn 0 - Ft. Worth 0
TOP OF THE 2ND
Brooklyn Dodgers batting - Pitching for Ft. Worth Cattlemen : LHP Paul Díaz
Batting: LHB Rubén López 0-0: Foul Ball, location: 2F
0-1: Ball
1-1: Swinging Strike
1-2: Ball
2-2: Ball
3-2: Base on Balls
Batting: RHB Luis Rivas 0-0: Ball
1-0: Ball
2-0: Foul Ball, location: 2F
2-1: Called Strike
2-2: Grounds into double play, 6-4-3 (Groundball, 6)
Batting: RHB Donald Thompson 0-0: Called Strike
0-1: Ball
1-1: Ball
2-1: Called Strike
2-2: Foul Ball, location: 2F
2-2: Ball
3-2: Strikes out looking
Top of the 2nd over - 0 run(s), 0 hit(s), 0 error(s), 0 left on base; Brooklyn 0 - Ft. Worth 0
BOTTOM OF THE 2ND
Ft. Worth Cattlemen batting - Pitching for Brooklyn Dodgers : RHP Huai-yu Kan
Batting: LHB Ryan Westlake 0-0: Ball
1-0: Called Strike
1-1: Ball
2-1: Foul Ball, location: 2F
2-2: Ball
3-2: Foul Ball, location: 2F
3-2: SINGLE (Flyball, 7LS)
Batting: RHB Matt Sheppard 0-0: Ball
1-0: Ball
Passed Ball!
Ryan Westlake to second
2-0: Called Strike
2-1: Ball
3-1: Base on Balls
Batting: RHB Joey Morgan 0-0: Foul Ball, location: 2F
0-1: Called Strike
0-2: Fielders Choice at 2nd, 6-4 (Groundball, 6M)
Ryan Westlake to third
Batting: RHB Jack Weber 0-0: Foul Ball, location: 2F
0-1: Ball
1-1: Foul Ball, location: 2F
1-2: Foul Ball, location: 2F
1-2: Foul Ball, location: 2F
1-2: Strikes out swinging
Batting: LHB Pat McJannett 0-0: Ball
1-0: Ball
2-0: Ball
3-0: Called Strike
3-1: Base on Balls
Joey Morgan to second
Batting: SHB Robby Day 0-0: Ball
1-0: Fly out, F7 (Line Drive, 7D)
Bottom of the 2nd over - 0 run(s), 1 hit(s), 0 error(s), 3 left on base; Brooklyn 0 - Ft. Worth 0
TOP OF THE 3RD
Brooklyn Dodgers batting - Pitching for Ft. Worth Cattlemen : LHP Paul Díaz
Batting: SHB Raymond Bright 0-0: Ball
1-0: Swinging Strike
1-1: Ball
2-1: Ball
3-1: Fly out, F7 (Flyball, 7D)
Batting: RHB Jorge Torrez 0-0: Called Strike
0-1: Foul Ball, location: 2F
0-2: Ball
1-2: Ball
2-2: Strikes out swinging
Batting: RHB Ichiyo Fujii 0-0: Ball
1-0: Ground out 6-3 (Groundball, 56)
Top of the 3rd over - 0 run(s), 0 hit(s), 0 error(s), 0 left on base; Brooklyn 0 - Ft. Worth 0
BOTTOM OF THE 3RD
Ft. Worth Cattlemen batting - Pitching for Brooklyn Dodgers : RHP Huai-yu Kan
Batting: RHB Alan Elder 0-0: Fly out, F8 (Flyball, 8LD)
Batting: LHB Toyokazu Asano 0-0: SINGLE (Line Drive, 34D)
Batting: LHB Orlando Trevino 0-0: Ball
1-0: Foul Ball, location: 2F
1-1: Fielders Choice at 2nd, 3-6 (Groundball, 3)
Batting: LHB Ryan Westlake 0-0: Ball
1-0: Ground out 4-3 (Groundball, 4)
Bottom of the 3rd over - 0 run(s), 1 hit(s), 0 error(s), 1 left on base; Brooklyn 0 - Ft. Worth 0
TOP OF THE 4TH
Brooklyn Dodgers batting - Pitching for Ft. Worth Cattlemen : LHP Paul Díaz
Batting: RHB Patrick Clark 0-0: Foul Ball, location: 2F
0-1: SINGLE (Groundball, 6MD)
Batting: RHB Thom Wilcox 0-0: Ball
1-0: Foul Ball, location: 2F
1-1: Foul Ball, location: 2F
1-2: Foul Ball, location: 2F
1-2: Ball
2-2: Ball
3-2: Foul Ball, location: 2F
3-2: Base on Balls
Patrick Clark to second
Batting: LHB Ron Bascombe 0-0: Ball
1-0: Fielders Choice at 2nd, 3-6 (Groundball, 3)
Patrick Clark to third
Batting: LHB Rubén López 0-0: Ball
1-0: Ball
2-0: Ball
3-0: Called Strike
3-1: Foul Ball, location: 2F
3-2: SINGLE (Groundball, 34D)
Patrick Clark scores
Ron Bascombe to second
Runner from 2nd tries for 3rd, SAFE, no throw or cutoff
Batting: RHB Luis Rivas 0-0: Fly out, F8 (Flyball, 8RD)
Runner from 3rd tags up, SCORES, no throw
Batting: RHB Donald Thompson 0-0: Ball
1-0: Ball
2-0: Called Strike
2-1: Called Strike
2-2: SINGLE (Line Drive, 8LS)
Rubén López to second
Runner from 2nd tries for 3rd, SAFE, throw made to third
Batting: SHB Raymond Bright 0-0: Foul Ball, location: 2F
0-1: Ball
1-1: Ball
2-1: SINGLE (Line Drive, 7S)
Rubén López scores
Donald Thompson to second
Batting: RHB Jorge Torrez 0-0: Foul Ball, location: 2F
0-1: Ball
1-1: Ball
2-1: Swinging Strike
2-2: Ball
3-2: Strikes out looking
Top of the 4th over - 3 run(s), 4 hit(s), 0 error(s), 2 left on base; Brooklyn 3 - Ft. Worth 0
BOTTOM OF THE 4TH
Ft. Worth Cattlemen batting - Pitching for Brooklyn Dodgers : RHP Huai-yu Kan
Batting: RHB Matt Sheppard 0-0: Fly out, F8 (Flyball, 8LM)
Batting: RHB Joey Morgan 0-0: Swinging Strike
0-1: Ball
1-1: DOUBLE (Flyball, 8RXD)
Batting: RHB Jack Weber 0-0: Foul Ball, location: 2F
0-1: Swinging Strike
0-2: Strikes out swinging
Batting: LHB Pat McJannett 0-0: Ball
1-0: Ball
2-0: Foul Ball, location: 2F
2-1: Foul Ball, location: 2F
2-2: SINGLE (Line Drive, 56D)
Joey Morgan to third
Runner from 3rd tries for Home, SAFE, no throw or cutoff
Batting: SHB Robby Day 0-0: Ball
1-0: Called Strike
1-1: Ground out 3-1 (Groundball, 34)
Bottom of the 4th over - 1 run(s), 2 hit(s), 0 error(s), 1 left on base; Brooklyn 3 - Ft. Worth 1
TOP OF THE 5TH
Brooklyn Dodgers batting - Pitching for Ft. Worth Cattlemen : LHP Paul Díaz
Batting: RHB Ichiyo Fujii 0-0: Ball
1-0: Called Strike
1-1: Ground out 6-3 (Groundball, 6)
Batting: RHB Patrick Clark 0-0: Swinging Strike
0-1: Fly out, F7 (Flyball, 7D)
Batting: RHB Thom Wilcox 0-0: Ball
1-0: Called Strike
1-1: Called Strike
1-2: Foul Ball, location: 2F
1-2: Ball
2-2: SINGLE (Flyball, 78S)
Batting: LHB Ron Bascombe 0-0: Fly out, F5 (Popup, 5F)
Top of the 5th over - 0 run(s), 1 hit(s), 0 error(s), 1 left on base; Brooklyn 3 - Ft. Worth 1
BOTTOM OF THE 5TH
Ft. Worth Cattlemen batting - Pitching for Brooklyn Dodgers : RHP Huai-yu Kan
Batting: RHB Alan Elder 0-0: SINGLE (Line Drive, 5D)
Batting: LHB Toyokazu Asano 0-0: Ball
1-0: Ball
2-0: Fly out, F5 (Popup, 56S)
Batting: LHB Orlando Trevino 0-0: Swinging Strike
0-1: Called Strike
0-2: Strikes out swinging
Batting: LHB Ryan Westlake 0-0: Foul Ball, location: 2F
0-1: Ground out 1-3 (Groundball, 15)
Bottom of the 5th over - 0 run(s), 1 hit(s), 0 error(s), 1 left on base; Brooklyn 3 - Ft. Worth 1
TOP OF THE 6TH
Brooklyn Dodgers batting - Pitching for Ft. Worth Cattlemen : LHP Paul Díaz
Batting: LHB Rubén López 0-0: Ball
1-0: Swinging Strike
1-1: Foul Ball, location: 2F
1-2: Ground out 6-3 (Groundball, 6M)
Batting: RHB Luis Rivas 0-0: Ball
1-0: Foul Ball, location: 2F
1-1: Foul Ball, location: 2F
1-2: Strikes out looking
Batting: RHB Donald Thompson 0-0: Called Strike
0-1: Ball
1-1: Ball
2-1: Ball
3-1: Called Strike
3-2: Ground out 6-3 (Groundball, 6)
Top of the 6th over - 0 run(s), 0 hit(s), 0 error(s), 0 left on base; Brooklyn 3 - Ft. Worth 1
BOTTOM OF THE 6TH
Ft. Worth Cattlemen batting - Pitching for Brooklyn Dodgers : RHP Huai-yu Kan
Pitching: LHP Daniel León
Batting: RHB Matt Sheppard 0-0: Foul Ball, location: 2F
0-1: Ground out 4-3 (Groundball, 4M)
Batting: RHB Joey Morgan 0-0: Ground out 5-3 (Groundball, 56S)
Batting: RHB Jack Weber 0-0: Swinging Strike
0-1: Hit by Pitch
Batting: LHB Pat McJannett 0-0: Ground out 3-1 (Groundball, 34)
Bottom of the 6th over - 0 run(s), 0 hit(s), 0 error(s), 1 left on base; Brooklyn 3 - Ft. Worth 1
TOP OF THE 7TH
Brooklyn Dodgers batting - Pitching for Ft. Worth Cattlemen : LHP Paul Díaz
Pitching: RHP Don Miller
Batting: SHB Raymond Bright 0-0: Fly out, F9 (Flyball, 9LS)
Batting: RHB Jorge Torrez 0-0: Called Strike
0-1: Ball
1-1: Called Strike
1-2: Ball
2-2: Foul Ball, location: 2F
2-2: Strikes out swinging
Batting: RHB Ichiyo Fujii 0-0: Foul Ball, location: 2F
0-1: Called Strike
0-2: Foul Ball, location: 2F
0-2: Foul Ball, location: 2F
0-2: Ball
1-2: Ground out 6-3 (Groundball, 6M)
Top of the 7th over - 0 run(s), 0 hit(s), 0 error(s), 0 left on base; Brooklyn 3 - Ft. Worth 1
BOTTOM OF THE 7TH
Ft. Worth Cattlemen batting - Pitching for Brooklyn Dodgers : LHP Daniel León
Batting: SHB Robby Day 0-0: DOUBLE (Flyball, 89XD)
Batting: RHB Alan Elder 0-0: Swinging Strike
0-1: Foul Ball, location: 2F
0-2: Ball
1-2: Ground out 6-3 (Groundball, 6)
Batting: LHB Toyokazu Asano 0-0: Ball
1-0: Ball
2-0: Called Strike
2-1: Ball
3-1: Called Strike
3-2: Strikes out swinging
Batting: LHB Orlando Trevino 0-0: Ball
1-0: Ball
2-0: Called Strike
2-1: Ball
3-1: Fly out, F8 (Flyball, 8RS)
Bottom of the 7th over - 0 run(s), 1 hit(s), 0 error(s), 1 left on base; Brooklyn 3 - Ft. Worth 1
TOP OF THE 8TH
Brooklyn Dodgers batting - Pitching for Ft. Worth Cattlemen : RHP Don Miller
Batting: RHB Patrick Clark 0-0: Ground out U3 (Groundball, 3)
Batting: RHB Thom Wilcox 0-0: Called Strike
0-1: Ball
1-1: Ball
2-1: Called Strike
2-2: Strikes out looking
Batting: LHB Ron Bascombe 0-0: Foul Ball, location: 2F
0-1: Ball
1-1: Foul Ball, location: 2F
1-2: Foul Ball, location: 2F
1-2: Ball
2-2: Strikes out swinging
Top of the 8th over - 0 run(s), 0 hit(s), 0 error(s), 0 left on base; Brooklyn 3 - Ft. Worth 1
BOTTOM OF THE 8TH
Ft. Worth Cattlemen batting - Pitching for Brooklyn Dodgers : LHP Daniel León
Batting: LHB Ryan Westlake 0-0: Ball
1-0: Foul Ball, location: 2F
1-1: Ball
2-1: SINGLE (Groundball, 5D)
Pitching: RHP Henry Hart
Batting: RHB Matt Sheppard 0-0: Called Strike
0-1: Ball
1-1: Ball
2-1: Foul Ball, location: 2F
2-2: Grounds into double play, U6-3 (Groundball, 6M)
Batting: RHB Joey Morgan 0-0: Ball
1-0: Called Strike
1-1: Swinging Strike
1-2: Ball
2-2: Fly out, F7 (Flyball, 7LS)
Bottom of the 8th over - 0 run(s), 1 hit(s), 0 error(s), 0 left on base; Brooklyn 3 - Ft. Worth 1
TOP OF THE 9TH
Brooklyn Dodgers batting - Pitching for Ft. Worth Cattlemen : RHP Don Miller
Batting: LHB Rubén López 0-0: Ground out 4-3 (Groundball, 4)
Batting: RHB Luis Rivas 0-0: Ball
1-0: Foul Ball, location: 2F
1-1: Called Strike
1-2: Ball
2-2: Ball
3-2: Strikes out looking
Batting: RHB Donald Thompson 0-0: Called Strike
0-1: Swinging Strike
0-2: Ball
1-2: Ground out 5-3 (Groundball, 5)
Top of the 9th over - 0 run(s), 0 hit(s), 0 error(s), 0 left on base; Brooklyn 3 - Ft. Worth 1
BOTTOM OF THE 9TH
Ft. Worth Cattlemen batting - Pitching for Brooklyn Dodgers : RHP Henry Hart
Pitching: RHP Barry Jones
Batting: RHB Jack Weber 0-0: Called Strike
0-1: Ball
1-1: Ball
2-1: Ball
3-1: Called Strike
3-2: Base on Balls
Batting: LHB Pat McJannett 0-0: Ball
1-0: Ball
2-0: Called Strike
2-1: Ball
3-1: Base on Balls
Jack Weber to second
Batting: SHB Robby Day 0-0: Swinging Strike
0-1: Ball
1-1: Foul Ball, location: 2F
1-2: Ball
2-2: Strikes out swinging
Batting: RHB Alan Elder 0-0: Ball
1-0: Ball
2-0: Ball
3-0: Called Strike
3-1: Fielders Choice at 2nd, 4-6 (Groundball, 4)
Jack Weber to third
Batting: LHB Toyokazu Asano 0-0: Foul Ball, location: 2F
0-1: Foul Ball, location: 2F
0-2: Ball
1-2: SINGLE (Groundball, 5S) (infield hit)
Jack Weber scores
Alan Elder to second
Batting: LHB Orlando Trevino 0-0: Ball
1-0: Ball
2-0: Swinging Strike
2-1: Foul Ball, location: 2F
2-2: Ball
3-2: DOUBLE (Flyball, 78D)
Alan Elder scores
Toyokazu Asano to third
Toyokazu Asano scores
This league is powered by Out of the Park Baseball, the baseball management simulation game for PC, Mac and Linux
Friday, April 15th, 2016 - OOTP Baseball 16.9 Build 39